ESL (28 & UNDER)
PENQUANNOCK OVERRATED JETER @ BUTLER WHITE SOX
05/19/2029
 
TOP OF THE 1ST
Penquannock Overrated Jeter batting - Pitching for Butler White Sox : LHP Francisco Rodríguez
Pitching: LHP Francisco Rodríguez
Batting: RHB Gary Wyatt 0-0: Ball
1-0: Ball
2-0: Ball
3-0: Swinging Strike
3-1: Called Strike
3-2: Strikes out looking
Batting: RHB Alberto Campos 0-0: Ball
1-0: Foul Ball, location: 2F
1-1: Ball
2-1: Called Strike
2-2: Ball
3-2: Base on Balls
Batting: LHB Eric Powell 0-0: Ball
1-0: Ball
2-0: Ball
3-0: Called Strike
3-1: Fly out, F6 (Popup, 6)
Batting: SHB Cristián López 0-0: Called Strike
0-1: Ball
1-1: Ball
2-1: Foul Ball, location: 2F
2-2: Ground out 1-3 (Groundball, 15S)
Top of the 1st over - 0 runs, 0 hits, 0 errors, 1 left on base; Penquannock 0 - Butler 0
BOTTOM OF THE 1ST
Butler White Sox batting - Pitching for Penquannock Overrated Jeter : LHP Héctor Díaz
Pitching: LHP Héctor Díaz
Batting: LHB Josh Pérez 0-0: Called Strike
0-1: Ground out U3 (Groundball, 34)
Batting: SHB Giel Molendijk 0-0: Ball
1-0: Ground out 1-3 (Groundball, 13S)
Batting: SHB Ben Marks 0-0: Swinging Strike
0-1: Foul Ball, location: 2F
0-2: Ball
1-2: Strikes out looking
Bottom of the 1st over - 0 runs, 0 hits, 0 errors, 0 left on base; Penquannock 0 - Butler 0
TOP OF THE 2ND
Penquannock Overrated Jeter batting - Pitching for Butler White Sox : LHP Francisco Rodríguez
Batting: RHB Theodore Burns 0-0: Ball
1-0: Ball
2-0: Ball
3-0: Base on Balls
Batting: LHB Matt Reese 0-0: Ball
1-0: Foul Ball, location: 2F
1-1: Foul Ball, location: 2F
1-2: Strikes out swinging
Batting: LHB Pepe González 0-0: Foul Ball, location: 2F
0-1: Ball
1-1: Foul Ball, location: 2F
1-2: Ball
2-2: Ball
3-2: Foul Ball, location: 2F
3-2: Grounds into double play, 6-4-3 (Groundball, 6)
Top of the 2nd over - 0 runs, 0 hits, 0 errors, 0 left on base; Penquannock 0 - Butler 0
BOTTOM OF THE 2ND
Butler White Sox batting - Pitching for Penquannock Overrated Jeter : LHP Héctor Díaz
Batting: RHB Bobby Murdock 0-0: Called Strike
0-1: Called Strike
0-2: Foul Ball, location: 2F
0-2: Hit by Pitch
Batting: RHB Júlio Hernández 0-0: Foul Ball, location: 2F
0-1: Ball
1-1: Called Strike
1-2: Ball
2-2: Ball
3-2: Base on Balls
Bobby Murdock to second
Batting: RHB Luis Alvarado 0-0: Foul Ball, location: 2F
0-1: Ball
1-1: Fly out, F9 (Flyball, 9S)
Batting: RHB Raúl Ruíz 0-0: Swinging Strike
0-1: Ball
1-1: Foul Ball, location: 2F
1-2: Fly out, F8 (Flyball, 8RM)
Batting: RHB Ángel Serrano 0-0: SINGLE (Line Drive, 5D)
Bobby Murdock to third
Júlio Hernández to second
Runner from 3rd tries for Home, SAFE, no throw
Batting: RHB José Darias 0-0: Ball
1-0: Ball
2-0: Called Strike
2-1: Fly out, F9 (Flyball, 89D)
Bottom of the 2nd over - 1 run, 1 hit, 0 errors, 2 left on base; Penquannock 0 - Butler 1
TOP OF THE 3RD
Penquannock Overrated Jeter batting - Pitching for Butler White Sox : LHP Francisco Rodríguez
Batting: RHB Phil Wright 0-0: Called Strike
0-1: Ball
1-1: SINGLE (Groundball, 25) (infield hit)
Batting: LHB Roberto Trujillo 0-0: Ball
1-0: Ball
2-0: Ball
3-0: Base on Balls
Phil Wright to second
Batting: RHB Gary Wyatt 0-0: Called Strike
0-1: Ball
1-1: Ball
2-1: Foul Ball, location: 2F
2-2: Ball
3-2: Foul Ball, location: 2F
3-2: Foul Ball, location: 2F
3-2: Base on Balls
Phil Wright to third
Roberto Trujillo to second
Batting: RHB Alberto Campos 0-0: SINGLE (Line Drive, 8RS)
Phil Wright scores
Roberto Trujillo to third
Gary Wyatt to second
Batting: LHB Eric Powell 0-0: Ball
Wild Pitch!
Roberto Trujillo scores
Gary Wyatt to third
Alberto Campos to second
1-0: Foul Ball, location: 2F
1-1: Ground out 4-3 (Groundball, 34)
Gary Wyatt scores
Alberto Campos to third
Batting: SHB Cristián López 0-0: Ball
1-0: Called Strike
1-1: Reached via error on a dropped throw, E1
Alberto Campos scores
Batting: RHB Theodore Burns 0-0: Called Strike
0-1: Ball
1-1: Swinging Strike
1-2: Strikes out swinging
Batting: LHB Matt Reese 0-0: Ball
1-0: Ball
Wild Pitch!
Cristián López to second
2-0: Called Strike
2-1: Fly out, F9 (Line Drive, 89M)
Top of the 3rd over - 4 runs, 2 hits, 1 error, 1 left on base; Penquannock 4 - Butler 1
BOTTOM OF THE 3RD
Butler White Sox batting - Pitching for Penquannock Overrated Jeter : LHP Héctor Díaz
Batting: LHB Josh Pérez 0-0: Ball
1-0: Ball
2-0: Ball
3-0: Base on Balls
Batting: SHB Giel Molendijk 0-0: Fly out, F8 (Flyball, 8LD)
Batting: SHB Ben Marks 0-0: Swinging Strike
0-1: Ball
1-1: Ball
2-1: Ball
3-1: Base on Balls
Josh Pérez to second
Batting: RHB Bobby Murdock 0-0: Ball
1-0: Called Strike
1-1: Swinging Strike
1-2: Ball
2-2: Ball
3-2: SINGLE (Groundball, 4M) (infield hit)
Josh Pérez to third
Ben Marks to second
Batting: RHB Júlio Hernández 0-0: Grounds into double play, 4-6-3 (Groundball, 4)
Bottom of the 3rd over - 0 runs, 1 hit, 0 errors, 2 left on base; Penquannock 4 - Butler 1
TOP OF THE 4TH
Penquannock Overrated Jeter batting - Pitching for Butler White Sox : LHP Francisco Rodríguez
Batting: LHB Pepe González 0-0: Called Strike
0-1: Hit by Pitch
Batting: RHB Phil Wright 0-0: Ball
1-0: Fly out, F7 (Flyball, 7)
Batting: LHB Roberto Trujillo 0-0: Ball
Pepe González steals 2nd base
1-0: Ground out 6-3 (Groundball, 6S)
Pepe González to third
Batting: RHB Gary Wyatt 0-0: DOUBLE (Line Drive, 9LM)
Pepe González scores
Batting: RHB Alberto Campos 0-0: Fly out, F4 (Popup, 4)
Top of the 4th over - 1 run, 1 hit, 0 errors, 1 left on base; Penquannock 5 - Butler 1
BOTTOM OF THE 4TH
Butler White Sox batting - Pitching for Penquannock Overrated Jeter : LHP Héctor Díaz
Batting: RHB Luis Alvarado 0-0: Called Strike
0-1: Fly out, F4 (Line Drive, 4)
Batting: RHB Raúl Ruíz 0-0: Ball
1-0: Ball
2-0: Foul Ball, location: 2F
2-1: Foul Ball, location: 2F
2-2: Ball
3-2: Ground out 1-3 (Groundball, 15)
Batting: RHB Ángel Serrano 0-0: Ball
1-0: Ball
2-0: SINGLE (Line Drive, 89S)
Batting: RHB José Darias 0-0: Foul Ball, location: 2F
0-1: Ball
1-1: Ball
2-1: Foul Ball, location: 2F
2-2: SINGLE (Groundball, 4MD)
Ángel Serrano to second
Batting: LHB Josh Pérez 0-0: Called Strike
0-1: Ball
1-1: Ball
2-1: Ball
3-1: Called Strike
3-2: Foul Ball, location: 2F
3-2: SINGLE (Line Drive, 34D)
Ángel Serrano to third
José Darias to second
Ángel Serrano scores
José Darias to third
Batting: SHB Giel Molendijk 0-0: Called Strike
0-1: Ball
1-1: Foul Ball, location: 2F
1-2: Foul Ball, location: 2F
1-2: Reached on error, E4 (Groundball, 4D)
José Darias scores
Josh Pérez to third
Pitching: RHP Javier Moreno
Batting: SHB Ben Marks 0-0: Ball
1-0: Ball
2-0: Swinging Strike
2-1: Ground out 1-3 (Groundball, 13S)
Bottom of the 4th over - 2 runs, 3 hits, 1 error, 2 left on base; Penquannock 5 - Butler 3
TOP OF THE 5TH
Penquannock Overrated Jeter batting - Pitching for Butler White Sox : LHP Francisco Rodríguez
Batting: LHB Eric Powell 0-0: Foul Ball, location: 2F
0-1: Foul Ball, location: 2F
0-2: Ball
1-2: Strikes out swinging
Batting: SHB Cristián López 0-0: Called Strike
0-1: Swinging Strike
0-2: Strikes out swinging
Batting: RHB Theodore Burns 0-0: Called Strike
0-1: Ball
1-1: Called Strike
1-2: Strikes out swinging
Top of the 5th over - 0 runs, 0 hits, 0 errors, 0 left on base; Penquannock 5 - Butler 3
BOTTOM OF THE 5TH
Butler White Sox batting - Pitching for Penquannock Overrated Jeter : RHP Javier Moreno
Batting: RHB Bobby Murdock 0-0: Called Strike
0-1: Ball
1-1: DOUBLE (Line Drive, 9LD)
Batting: RHB Júlio Hernández 0-0: Called Strike
0-1: Fly out, F6 (Popup, 6D)
Batting: RHB Luis Alvarado 0-0: Called Strike
0-1: Ball
1-1: Ball
2-1: Foul Ball, location: 2F
2-2: Ball
3-2: Base on Balls
Batting: RHB Raúl Ruíz 0-0: Called Strike
0-1: Foul Ball, location: 2F
0-2: Foul Ball, location: 2F
0-2: Ball
1-2: Foul Ball, location: 2F
1-2: Ball
2-2: Strikes out swinging
Batting: RHB Ángel Serrano 0-0: Ball
1-0: Swinging Strike
1-1: Ball
2-1: Ball
3-1: Base on Balls
Bobby Murdock to third
Luis Alvarado to second
Batting: RHB José Darias 0-0: SINGLE (Groundball, 56D)
Bobby Murdock scores
Luis Alvarado to third
Ángel Serrano to second
Runner from 3rd tries for Home, throw and OUT!
Bottom of the 5th over - 1 run, 2 hits, 0 errors, 2 left on base; Penquannock 5 - Butler 4
TOP OF THE 6TH
Penquannock Overrated Jeter batting - Pitching for Butler White Sox : LHP Francisco Rodríguez
Pitching: LHP Rafael Romero
Batting: LHB Matt Reese 0-0: Called Strike
0-1: Called Strike
0-2: Strikes out looking
Batting: LHB Pepe González 0-0: Ground out 4-3 (Groundball, 34)
Batting: RHB Phil Wright 0-0: Foul Ball, location: 2F
0-1: Fly out, F7 (Flyball, 7D)
Top of the 6th over - 0 runs, 0 hits, 0 errors, 0 left on base; Penquannock 5 - Butler 4
BOTTOM OF THE 6TH
Butler White Sox batting - Pitching for Penquannock Overrated Jeter : RHP Javier Moreno
Batting: LHB Josh Pérez 0-0: Foul Ball, location: 2F
0-1: Ball
1-1: Called Strike
1-2: Strikes out swinging
Batting: SHB Giel Molendijk 0-0: Ball
1-0: Called Strike
1-1: Fly out, F8 (Flyball, 8RD)
Batting: SHB Ben Marks 0-0: Foul Ball, location: 2F
0-1: Called Strike
0-2: Ball
1-2: Ball
2-2: Strikes out swinging
Bottom of the 6th over - 0 runs, 0 hits, 0 errors, 0 left on base; Penquannock 5 - Butler 4
TOP OF THE 7TH
Penquannock Overrated Jeter batting - Pitching for Butler White Sox : LHP Rafael Romero
Batting: LHB Roberto Trujillo 0-0: Called Strike
0-1: Ball
1-1: Ball
2-1: Called Strike
2-2: Strikes out swinging, 2-3 out at first.
Batting: RHB Gary Wyatt 0-0: Ball
1-0: Called Strike
1-1: Swinging Strike
1-2: Foul Ball, location: 2F
1-2: Strikes out swinging
Batting: RHB Alberto Campos 0-0: Ball
1-0: Foul Ball, location: 2F
1-1: Fly out, F9 (Flyball, 9D)
Top of the 7th over - 0 runs, 0 hits, 0 errors, 0 left on base; Penquannock 5 - Butler 4
BOTTOM OF THE 7TH
Butler White Sox batting - Pitching for Penquannock Overrated Jeter : RHP Javier Moreno
Batting: RHB Bobby Murdock 0-0: Ball
1-0: Ball
2-0: Ground out 6-3 (Groundball, 6)
Batting: RHB Júlio Hernández 0-0: Ground out 5-3 (Groundball, 56S)
Batting: RHB Luis Alvarado 0-0: Foul Ball, location: 2F
0-1: Fly out, F7 (Line Drive, 7)
Bottom of the 7th over - 0 runs, 0 hits, 0 errors, 0 left on base; Penquannock 5 - Butler 4
TOP OF THE 8TH
Penquannock Overrated Jeter batting - Pitching for Butler White Sox : LHP Rafael Romero
Batting: LHB Eric Powell 0-0: Foul Ball, location: 2F
0-1: Foul Ball, location: 2F
0-2: Ball
1-2: Foul Ball, location: 2F
1-2: Ball
2-2: Strikes out swinging
Batting: SHB Cristián López 0-0: Called Strike
0-1: Swinging Strike
0-2: Strikes out looking
Batting: RHB Theodore Burns 0-0: Ball
1-0: Foul Ball, location: 2F
1-1: Swinging Strike
1-2: Ball
2-2: Foul Ball, location: 2F
2-2: Fly out, F7 (Flyball, 7LSF)
Top of the 8th over - 0 runs, 0 hits, 0 errors, 0 left on base; Penquannock 5 - Butler 4
BOTTOM OF THE 8TH
Butler White Sox batting - Pitching for Penquannock Overrated Jeter : RHP Javier Moreno
Pitching: LHP León Hernández
Batting: RHB Raúl Ruíz 0-0: Called Strike
0-1: Swinging Strike
0-2: Ball
1-2: Strikes out looking
Batting: RHB Ángel Serrano 0-0: Foul Ball, location: 2F
0-1: SINGLE (Groundball, 56D)
Pinch Runner at 1st Sam Haynes:
Pinch Hitting: RHB Tom Lang 0-0: Ball
1-0: Foul Ball, location: 2F
1-1: 2-RUN HOME RUN (Flyball, 7LD), Distance : 357 ft
Pitching: RHP John Kelly
Batting: LHB Josh Pérez 0-0: Ball
1-0: Ball
2-0: Called Strike
2-1: Ball
3-1: Foul Ball, location: 2F
3-2: Base on Balls
Pinch Hitting: SHB Pedro Martínez 0-0: Grounds into double play, 4-6-3 (Groundball, 4)
Bottom of the 8th over - 2 runs, 2 hits, 0 errors, 0 left on base; Penquannock 5 - Butler 6
TOP OF THE 9TH
Penquannock Overrated Jeter batting - Pitching for Butler White Sox : LHP Rafael Romero
Pitching: RHP Wilson Yoxall
Now at C: Mançio Delmage
Now at 1B: Tom Lang
Now in CF: Pedro Martínez
Batting: LHB Matt Reese 0-0: Called Strike
0-1: Ball
1-1: Ball
2-1: Foul Ball, location: 2F
2-2: Strikes out swinging
Batting: LHB Pepe González 0-0: Called Strike
0-1: Foul Ball, location: 2F
0-2: Ball
1-2: Fly out, F5 (Flyball, 5D)
Batting: RHB Phil Wright 0-0: Called Strike
0-1: Ball
1-1: Ball
2-1: Foul Ball, location: 2F
2-2: Strikes out looking
Top of the 9th over - 0 runs, 0 hits, 0 errors, 0 left on base; Penquannock 5 - Butler 6
Saturday, December 16th, 2017 - OOTP Baseball 18.8 Build 76